 Seeded DCSS version 0.31-a0-1612-g4aaf141004 (webtiles) character file.

Game seed: 560841995258110699 (custom seed)

4 Esekla the Grave Robber (level 1, -22/13 HPs)
             Began as a Formicid Necromancer on Jan 9, 2024.
             Was an Initiate of Ashenzari.
             Annihilated by an ice devil (23 damage)
             ... on level 12 of the Dungeon.
             The game lasted 00:05:29 (354 turns).

Esekla the Grave Robber (Formicid Necromancer)       Turns: 354, Time: 00:05:29

Health: -22/13     AC:  2    Str: 12    XL:     1   Next: 66%
Magic:  3/3        EV: 12    Int: 14    God:    Ashenzari [......]
Gold:   94         SH:  0    Dex: 14    Spells: 3/4 levels left

rFire   . . .        c - +0 long sword
rCold   . . .        (no shield)
rNeg    . . .        a - +0 robe
rPois   .            (helmet unavailable)
rElec   .            (no cloak)
rCorr   .            (no gloves)
SInv    +            (no boots)
Will    .....        (no amulet)
Stlth   ++           (no ring)
HPRegen 0.22/turn    (no ring)
MPRegen 0.08/turn

%: no passive effects
@: no status effects
A: permanent stasis, dig shafts and tunnels, antennae 3, four strong arms
a: Dig, Shaft Self, Renounce Religion


You were on level 12 of the Dungeon.
You worshipped Ashenzari.
Ashenzari was noncommittal.
You visited 2 branches of the dungeon, and saw 8 of its levels.

You collected 94 gold pieces.

Inventory:

Hand Weapons
 c - a +0 long sword (weapon)
Armour
 a - a +0 robe (worn)
Scrolls
 f - a scroll of noise {unknown}
Potions
 b - a potion of magic
 d - 2 potions of experience {unknown}
 e - a potion of lignification {unknown}
 g - a potion of curing {unknown}


   Skills:
 + Level 1.7 Dodging
 + Level 2.4 Stealth
 * Level 2.1 Spellcasting
 + Level 4.2 Necromancy


You had 3 spell levels left.
You knew the following spells:

 Your Spells              Type           Power      Damage    Failure   Level
a - Necrotise             Necr           52%        1d6       4%          1

Your spell library contained the following spells:

 Spells                   Type           Power      Damage    Failure   Level
 Vampiric Draining        Necr           13%        2d6       12%         3
 Animate Dead             Necr           13%        N/A       38%         4
 Curse of Agony           Necr           13%        N/A       75%         5


Dungeon Overview and Level Annotations

Branches:
Dungeon (8/15)             Temple (1/1) D:7
   Lair: D:8-11

Altars:
Ashenzari
Cheibriados
Elyvilon
Hepliaklqana
Kikubaaqudgha
Makhleb
Okawaru
Ru
Sif Muna
Trog
Uskayaw
Vehumet
Xom
Zin
The Shining One


Innate Abilities, Weirdness & Mutations

You cannot be hasted, slowed, berserked, paralysed or teleported.
You can dig through walls and to a lower floor.
You have a pair of large antennae on your head. (SInv)
Your four strong arms can wield two-handed weapons with a shield.


Message History

You see here 23 gold pieces.
You now have 94 gold pieces (gained 23).
A yak comes into view.
You open the door.
A vampire comes into view.
Found 6 stones.
There is an open door here.
You close the door.
The vampire hits you. The vampire barely misses you.
The vampire closely misses you. The vampire bites you.
The vampire draws strength from your injuries!
You begin to dig a shaft.
You continue digging a shaft.
The vampire closely misses you. The vampire misses you.
A shaft appears beneath you!
You fall into a shaft and drop 2 floors!
The shaft crumbles and collapses.
You feel a wave of frost pass over you.
There is an entrance to an ice cave on this level.
Hurry and find it before the portal melts!
You have a vision of a gate.
You open the door.
There is an open door here.
A malevolent force fills the Dungeon...
With a horrendous wail, an alarm goes off!
A sentinel's mark forms upon you.
You hear a howl!
You hear a shout! x6
Found 4 stones.
You open the door.
There is an open door here.
There is an open door here.
You hear the faint crackling of a melting archway.
An ice devil opens the door.
The sentinel's mark upon you fades away.
As you open the door, it creaks loudly!
You hear a howl!
The ice devil completely misses you.
An ice devil comes into view.
The ice devil hits you!
Ouch! That really hurt!
* * * LOW HITPOINT WARNING * * *
The ice devil freezes you!!
Ouch! That really hurt!
You die...

#####+#######
#.........@.#
#####.....###4#'#
###.........#
#4..#
..........{.#
##.## {
#.#.#.#.....# .#
#.. ............#
.. #... {
#.#.#.#.....# ..
#...
............# ...
#...{
#.#.#.#.....# ∩
#..##+##


You could see 2 ice devils.

Vanquished Creatures
  2 orcs
2 creatures vanquished.

Notes
Turn   | Place    | Note
-------+----------+-------------------------------------------
     0 | D:1      | Esekla the Formicid Necromancer began the quest for the
                  | Orb.
     0 | D:1      | Reached XP level 1. HP: 13/13 MP: 3/3
    29 | D:1      | You fall into a shaft and drop 1 floor!
    42 | D:2      | You fall into a shaft and drop 2 floors!
    76 | D:4      | You fall into a shaft and drop 3 floors!
   150 | D:7      | Found a staircase to the Ecumenical Temple.
   167 | D:7      | Noticed an ogre
   188 | D:7      | Noticed a wyvern
   205 | Temple   | Entered the Ecumenical Temple
   225 | Temple   | Became a worshipper of Ashenzari the Shackled
   246 | D:7      | You fall into a shaft and drop 3 floors!
   246 | D:10     | Entered Level 10 of the Dungeon
   265 | D:10     | Noticed a yak
   266 | D:10     | Noticed a yak
   266 | D:10     | Noticed a yak
   266 | D:10     | Noticed a yak
   267 | D:10     | Noticed a yak
   287 | D:10     | Noticed a vampire
   293 | D:10     | You fall into a shaft and drop 2 floors!
   352 | D:12     | Noticed an ice devil
   354 | D:12     | Noticed an ice devil
   354 | D:12     | Annihilated by an ice devil

Illustrated notes

Levels and vault maps discovered:
D:1:      ncdulo_smallfort, layout_loops_cross
D:2:      layout_loops_cross, ebering_ecumenical_altar_sacrificial
D:4:      layout_loops_ring
D:7:      layout_rooms, minmay_temple_entry_overgrown
D:8:      layout_basic, uniq_joseph, uniq_maggie
D:10:     nicolae_hitomezashi [nicolae_hito_row, nicolae_hito_row,
          nicolae_hito_row, nicolae_hito_row, nicolae_hito_row,
          nicolae_hito_row, nicolae_hito_row, nicolae_hito_row,
          nicolae_hito_row, nicolae_hito_row, nicolae_hito_row,
          nicolae_hito_row, nicolae_hito_row, nicolae_hito_row,
          nicolae_hito_row, nicolae_hito_row, nicolae_hito_row,
          nicolae_hito_row], layout_basic, nicolae_wu_jian_wuxing_cycle,
          enter_bailey_5
D:12:     layout_roguey, serial_glass, glass_columns_a, glass_columns_c,
          minmay_strange_pillars, unseen_surprise_small, minmay_strange_pillars,
          minmay_strange_pillars, portal_ice_cave_demonic_guard
Temple:   eino_wide_crystal_templ

Action                     || total
---------------------------++-------
  Melee: Long sword        ||     5
Ability: Shaft Self        ||     5
 Armour: Robe              ||     6
  Dodge: Dodged            ||     8

Table legend: (Time is in decaauts)
 A = Elapsed time spent in this place.
 B = Non-inter-level travel time spent in this place.
 C = Inter-level travel time spent in this place.
 D = Time resting spent in this place.
 E = Time spent auto-exploring this place.
 F = Levels seen in this place.
 G = Mean time per level.
                   A        B        C        D        E       F      G
               +--------+--------+--------+--------+--------+-----+--------+
         Total |    354 |    354 |      0 |      5 |      0 |   8 |   44.2 |
       Dungeon |    317 |    317 |      0 |      5 |      0 |   7 |   45.3 |
        Temple |     37 |     37 |      0 |      0 |      0 |   1 |   37.0 |
               +--------+--------+--------+--------+--------+-----+--------+

Top non-repeatable levels by time:
     D:7: 133 daAuts
    D:12: 60 daAuts
    D:10: 46 daAuts
  Temple: 37 daAuts
     D:4: 33 daAuts
     D:1: 29 daAuts
     D:2: 12 daAuts
     D:8: 1 daAuts
